 Dungeon Crawl Stone Soup version 0.30.0-5-g1a98f26d00 (webtiles) character file.

Game seed: 1525384130141320283

4 destino the Firebug (level 1, 0/11 HPs)
             Began as an Octopode Fire Elementalist on May 11, 2023.
             Slain by a bat (1 damage)
             ... on level 1 of the Dungeon.
             The game lasted 00:01:02 (74 turns).

destino the Firebug (Octopode Fire Elementalist)      Turns: 74, Time: 00:01:02

Health: 0/11       AC:  1    Str:  4 (7)  XL:     1   Next: 60%
Magic:  2/3        EV: 13    Int: 14 (17) God:
Gold:   0          SH:  0    Dex: 10 (12) Spells: 3/4 levels left

rFire   . . .        (no weapon)
rCold   . . .        (no shield)
rNeg    . . .        (helmet restricted)
rPois   .            (no amulet)
rElec   .            (no ring)
rCorr   .            (no ring)
SInv    .            (no ring)
Will    .....        (no ring)
Stlth   +++          (no ring)
HPRegen 0.21/turn    (no ring)
MPRegen 0.08/turn    (no ring)
                     (no ring)

%: no passive effects
@: no status effects
A: almost no armour, amphibious, 8 rings, camouflage 1, gelatinous body 1,
(nimble swimmer 1), tentacles
a: no special abilities


You were on level 1 of the Dungeon.
You visited 1 branch of the dungeon, and saw 1 of its levels.

Inventory:

Scrolls
 b - a scroll of amnesia {unknown}
Potions
 a - a potion of magic


   Skills:
 - Level 2.0 Dodging
 + Level 2.8 Stealth
 - Level 2.0 Spellcasting
 * Level 1.2 Conjurations
 * Level 3.1 Fire Magic


You had 3 spell levels left.
You knew the following spells:

 Your Spells              Type           Power      Damage    Failure   Level
a - Foxfire               Conj/Fire      28%        2x1d5     10%         1

Your spell library contained the following spells:

 Spells                   Type           Power      Damage    Failure   Level
 Scorch                   Fire           20%        2d5       10%         2
 Inner Flame              Hex/Fire       5%         N/A       36%         3
 Volatile Blastmotes      Fire/Tloc      10%        2d10      36%         3
 Flame Wave               Conj/Fire      7%         2d5       67%         4


Dungeon Overview and Level Annotations

Branches:
Dungeon (1/15)

Altars:


Innate Abilities, Weirdness & Mutations

You cannot wear most types of armour.
You are amphibious.
You can wear up to eight rings at the same time.
Your skin changes colour to match your surroundings (Stealth+).
Your rubbery body absorbs attacks. (AC +1, EV +1)
((You are camouflaged when in or above water. (Stealth+)))
You have tentacles for arms and can constrict up to eight enemies at once.


Message History

The jackal closely misses you.
A jackal comes into view.
You conjure some foxfire!
The jackal barks!
The jackal bites you. The jackal barely misses you.
The quokka twitches its whiskers.
The foxfire hits the quokka.
The quokka is almost dead.
The jackal attacks as you move away! The jackal bites you.
A bat comes into view.
The foxfire hits the quokka.
You kill the quokka!
The jackal bites you. The jackal bites you.
* * * LOW HITPOINT WARNING * * *
The jackal closely misses you. The jackal barely misses you.
The jackal misses you. The bat misses you. The bat attacks as you move away!
The bat barely misses you. x2
The bat completely misses you. The bat hits you.
* * * LOW HITPOINT WARNING * * *
The bat barely misses you. The bat attacks as you move away!
The bat misses you. x2; The bat hits you.
* * * LOW HITPOINT WARNING * * *
It was a potion of degeneration.
There was something very wrong with that liquid.
You feel weakened.
You feel dopey.
You feel clumsy. The bat barely misses you.
You barely miss the bat. Your grab misses the bat. The bat misses you.
You barely miss the bat. Your grab misses the bat. Your squeeze misses the bat.
The bat closely misses you. x2; The bat misses you.
You closely miss the bat. You grab the bat.
You tentacle-slap the bat, but do no damage.
Your squeeze misses the bat. You constrict the bat. The bat misses you.
The bat hits you.
* * * LOW HITPOINT WARNING * * *
You closely miss the bat.
The bat is moderately wounded.
You constrict the bat. The bat misses you.
You release your grip on the bat.
The bat hits you.
You die...

..........#
#...†.....###
#########............
#....................
#...........###......
#......†..gh.hh#
#.........>##.#
####..###...#b#
###..# #.#.#@# #....#
#.#.#.# #....#
#.#.#.#
#....###.#.#.#
###........#..
#.####.#####
#...g......#
########.###.#
#....>...###


You could see 2 jackals and a bat.

Vanquished Creatures
  An endoplasm (D:1)
  A jackal (D:1)
  A quokka (D:1)
3 creatures vanquished.

Vanquished Creatures (others)
  7 foxfires (D:1)
7 creatures vanquished.

Grand Total: 10 creatures vanquished

Notes
Turn   | Place    | Note
-------+----------+-------------------------------------------
     0 | D:1      | destino the Octopode Fire Elementalist began the quest for
                  | the Orb.
     0 | D:1      | Reached XP level 1. HP: 11/11 MP: 3/3
    74 | D:1      | Slain by a bat

Illustrated notes

Levels and vault maps discovered:
D:1:      nicolae_arrival_washed_ashore, layout_basic

Action                     || total
---------------------------++-------
  Melee: Unarmed           ||     4
         Constrict         ||     1
         Punch             ||     1
   Cast: Foxfire           ||     4
    Use: Potion            ||     1
 Armour: Skin              ||     1
  Dodge: Dodged            ||    24
